 Dungeon Crawl Stone Soup version 0.15.2 (webtiles) character file.

5240 magipi the Spear-Bearer (level 10, 0/69 HPs)
             Began as a Demigod Fire Elementalist on Dec 27, 2014.
             Slain by a skeletal warrior
             ... wielding a +0 scimitar
              (21 damage)
             ... on Level 10 of the Dungeon.
             The game lasted 01:19:00 (12538 turns).

magipi the Spear-Bearer (DgFE)                     Turns: 12538, Time: 01:19:00

HP   0/69        AC  9     Str 14      XL: 10   Next: 14%
MP  21/30        EV 11     Int 21      God:
Gold 557         SH  0     Dex 19      Spells:  5 memorised,  1 level left

rFire  . . .     SeeInvis .     a - +2 trident
rCold  + . .     Clarity  .     P - +2 leather armour {rN+}
rNeg   + . .     rCorr    .     (no shield)
rPois  .         rRot     .     Z - +0 helmet
rElec  .         Spirit   .     k - +1 cloak
SustAb .         Warding  .     (no gloves)
rMut   .         Stasis   .     N - +0 pair of boots
Gourm  .                        (no amulet)
MR     +....                    T - ring of magical power
                                X - ring of protection from cold

@: very slightly contaminated, somewhat resistant to hostile enchantments,
unstealthy
A: no striking features
a: no special abilities


You were on level 10 of the Dungeon.
You were not hungry.

You visited 2 branches of the dungeon, and saw 11 of its levels.
You also visited: Sewer.

You collected 557 gold pieces.

Notes
Turn   | Place    | Note
--------------------------------------------------------------
     0 | D:1      | magipi, the Demigod Fire Elementalist, began the quest for the Orb.
     0 | D:1      | Reached XP level 1. HP: 14/14 MP: 3/3
     9 | D:1      | Reached skill level 1 in Conjurations
   207 | D:1      | Reached XP level 2. HP: 20/20 MP: 3/5
   479 | D:1      | Reached skill level 3 in Fire Magic
  1102 | D:1      | Reached XP level 3. HP: 26/26 MP: 4/8
  1980 | D:2      | Learned a level 3 spell: Conjure Flame
  2176 | D:2      | Reached XP level 4. HP: 33/33 MP: 10/10
  2718 | D:3      | Reached skill level 4 in Fire Magic
  2765 | D:3      | Found a glowing drain.
  2772 | D:3      | Noticed a centaur
  3098 | D:3      | Killed a centaur
  3098 | D:3      | Reached XP level 5. HP: 12/38 MP: 3/12
  3198 | Sewer    | Entered a sewer
  3370 | Sewer    | Noticed Purgy
  3400 | Sewer    | Killed Purgy
  3555 | D:3      | Reached XP level 6. HP: 45/45 MP: 10/14
  3681 | D:3      | Noticed Natasha
  3789 | D:3      | Reached skill level 5 in Fire Magic
  3834 | D:3      | Killed Natasha
  4134 | D:3      | Noticed Natasha
  4138 | D:3      | Killed Natasha
  4151 | D:4      | Noticed Menkaure
  4159 | D:3      | Learned a level 4 spell: Sticky Flame
  4251 | D:4      | Killed Menkaure
  4351 | D:4      | Noticed Ijyb
  4355 | D:4      | Killed Ijyb
  4503 | D:4      | Reached XP level 7. HP: 50/50 MP: 14/17
  4514 | D:4      | Found a glowing silver altar of Zin.
  4655 | D:4      | Reached skill level 5 in Conjurations
  4673 | D:5      | Entered Level 5 of the Dungeon
  4824 | D:5      | Learned a level 1 spell: Animate Skeleton
  5055 | D:5      | Reached skill level 6 in Fire Magic
  5189 | D:5      | Reached skill level 1 in Necromancy
  5723 | D:4      | Found a radiant altar of Vehumet.
  6062 | D:4      | Reached skill level 1 in Polearms
  6248 | D:6      | Reached XP level 8. HP: 53/57 MP: 13/18
  6600 | D:6      | Found a staircase to the Ecumenical Temple.
  6610 | Temple   | Entered the Ecumenical Temple
  7085 | D:6      | Found a stormy altar of Qazlal.
  7110 | D:6      | Noticed Pikel
  7154 | D:6      | Killed Pikel
  7295 | D:7      | Noticed Eustachio
  7317 | D:7      | Killed Eustachio
  7317 | D:7      | Reached skill level 7 in Polearms
  7357 | D:7      | Reached XP level 9. HP: 52/62 MP: 15/20
  7649 | D:7      | Reached skill level 8 in Polearms
  8097 | D:7      | Learned a level 3 spell: Regeneration
  8221 | D:7      | Reached skill level 1 in Charms
  8448 | D:7      | Your ally Eustachio died
  8567 | D:8      | Found a shadowy altar of Dithmenos.
  9521 | D:9      | Found a deep blue altar of Sif Muna.
  9639 | D:9      | Reached skill level 9 in Polearms
 10956 | D:10     | Entered Level 10 of the Dungeon
 11558 | D:10     | Reached XP level 10. HP: 69/69 MP: 21/21
 12176 | D:10     | Noticed a skeletal warrior
 12176 | D:10     | Noticed a skeletal warrior
 12176 | D:10     | Noticed a skeletal warrior
 12186 | D:10     | Noticed kae's ghost (experienced MiFi)
 12538 | D:10     | Slain by a skeletal warrior

Inventory:

Hand weapons
 a - a +2 trident (weapon)
 b - a +0 blowgun
Missiles
 D - 83 poisoned needles
 G - a throwing net (quivered)
Armour
 k - a +1 cloak (worn)
 N - a +0 pair of boots (worn)
 P - a +2 leather armour of positive energy (worn)
 Z - a +0 helmet (worn)
Magical devices
 j - a wand of draining (7)
 l - a wand of magic darts (7) {unknown}
 y - a wand of disintegration (7)
 B - a wand of confusion (8)
 H - a wand of draining (0)
 V - a wand of slowing (9)
Comestibles
 c - 7 bread rations
 p - 4 meat rations
Scrolls
 g - 4 scrolls of remove curse
 i - a scroll of amnesia
 n - a scroll of magic mapping
 o - a scroll of enchant armour
 s - a scroll of recharging
 x - 2 scrolls of teleportation
Jewellery
 d - an uncursed ring of flight
 M - an uncursed ring of fire {unknown}
 T - a ring of magical power (right hand)
 W - an uncursed ring of invisibility
 X - a ring of protection from cold (left hand)
 Y - an uncursed ring of ice
Potions
 f - a potion of lignification {unknown}
 m - a potion of resistance
 q - a potion of magic {unknown}
 r - a potion of flight
 t - a potion of cure mutation {unknown}
 u - 4 potions of haste
 v - a potion of heal wounds
 z - a potion of cancellation {unknown}
 A - a potion of berserk rage {unknown}
 C - 3 potions of agility
 E - 4 potions of curing
 J - a potion of restore abilities {unknown}
 K - 2 potions of invisibility
 Q - a potion of might {unknown}
 U - a potion of confusion {unknown}
Books
 e - a book of Necromancy

   Spells                             Type                      Level
   Pain                               Necromancy                   1
   *Animate Skeleton                  Necromancy                   1
   Vampiric Draining                  Necromancy                   3
   *Regeneration                      Charms/Necromancy            3
   Animate Dead                       Necromancy                   4
   Control Undead                     Necromancy                   4
 w - a book of Ice

   Spells                             Type                      Level
   Metabolic Englaciation             Hexes/Ice                    5
   Ozocubu's Refrigeration            Ice                          6
   Bolt of Cold                       Conjuration/Ice              6
   Freezing Cloud                     Conjuration/Ice/Air          6
   Simulacrum                         Ice/Necromancy               6
 L - a book of Flames

   Spells                             Type                      Level
   *Flame Tongue                      Conjuration/Fire             1
   Throw Flame                        Conjuration/Fire             2
   *Conjure Flame                     Conjuration/Fire             3
   Inner Flame                        Hexes/Fire                   3
   *Sticky Flame                      Conjuration/Fire             4
   Fireball                           Conjuration/Fire             5
 O - a book of Summonings

   Spells                             Type                      Level
   Abjuration                         Summoning                    3
   Recall                             Summoning/Translocation      3
   Shadow Creatures                   Summoning                    5
   Summon Demon                       Summoning                    5
   Summon Forest                      Summoning/Translocation      5
   Monstrous Menagerie                Summoning                    6


   Skills:
 + Level 0.0 Fighting
 + Level 9.7 Polearms
 - Level 1.7 Dodging
 - Level 1.7 Stealth
 - Level 2.0 Spellcasting
 - Level 6.0 Conjurations
 - Level 3.3 Charms
 - Level 4.6 Necromancy
 - Level 6.1 Fire Magic


You had one spell level left.
You knew the following spells:

 Your Spells              Type           Power        Failure   Level  Hunger
a - Flame Tongue          Conj/Fire      ####.        1%          1    #......
b - Conjure Flame         Conj/Fire      ####....     3%          3    ###....
c - Sticky Flame          Conj/Fire      ####....     14%         4    #####..
d - Animate Skeleton      Necr           N/A          1%          1    #......
r - Regeneration          Chrm/Necr      ###.......   12%         3    ###....


Dungeon Overview and Level Annotations

Branches:
Dungeon (10/15)            Temple (1/1) D:6
    Orc: D:9-12        Lair: D:8-11

Annotations:
D:10 kae's ghost, experienced MiFi

Vault maps used:
D:1:      tarquinn_simple_flora_water_f, grunt_decor_resistance
D:3:      gup_sewer_entry_glass, uniq_natasha
D:4:      fiery_altar_vehumet, lemuel_round_altar, first_bread, uniq_iyjb,
          uniq_menkaure
D:5:      serial_bayou_lake_a
D:6:      kennysheep_little_box, lemuel_temple_firewalk_marked, st_stairs_12,
          uniq_pikel
D:7:      uniq_eustachio
D:8:      overflow_temple_1_default
D:9:      lemuel_blue_sif_altar
Temple:   zaba_magenta_temple_12
Sewer:    sewer_big_baddie


Message History

The giant gecko burns!
You kill the giant gecko!
The skeletal warrior hits you with a halberd!
Casting: Sticky Flame
Confirm with . or Enter, or press ? or * to list all spells.
Aiming: Sticky Flame
Press: ? - help, Shift-Dir - straight line, f - skeletal warrior
Aim: a skeletal warrior, wielding a halberd The sticky flame hits the skeletal warrior.
The skeletal warrior appears unharmed.
The skeletal warrior is covered in liquid flames!
You are near starving!
The skeletal warrior burns!
The skeletal warrior hits you with a halberd!!
Unknown command.
The skeletal warrior burns!
The skeletal warrior closely misses you.
The skeletal warrior burns!
There is an open door here.
The skeletal warrior burns!
The skeletal warrior burns!
The skeletal warrior burns!
The skeletal warrior stops burning.
Your magical contamination has completely faded away.
There is an escape hatch in the ceiling here.
A mysterious force pulls you upwards. The hatch slams shut behind you.
Eat which item? (? for menu, Esc to quit)
You continue eating. x3
You finish eating.
That bread ration really hit the spot!
You start resting.
Magic restored.
You start resting.
You start resting.
HP restored.
There is an open door here.
There is an open door here.
Okay, then.
Save game and exit?
Welcome back, magipi the Demigod Fire Elementalist.
Press ? for a list of commands and other information.
Read which item? (? for menu, Esc to quit)
As you read the scroll labeled PLE GIDIKKU, it crumbles to dust.
You assume a fearsome visage.
Nothing appears to happen.
It was a scroll of fear.
There is an open door here.
There is a stone staircase leading down here.
You climb downwards.
Level annotation: kae's ghost, experienced MiFi
There is a stone staircase leading up here.
The skeletal warrior hits you with a scimitar!!
Cast which spell? (? or * to list)
Aiming: Sticky Flame
Press: ? - help, Shift-Dir - straight line, f - skeletal warrior
Aim: a skeletal warrior, wielding a scimitar The sticky flame hits the skeletal warrior.
The skeletal warrior appears unharmed.
The skeletal warrior is covered in liquid flames!
The skeletal warrior burns!
The skeletal warrior hits you but does no damage.
Unknown command.
The skeletal warrior burns!
The skeletal warrior burns!
The skeletal warrior burns!
The skeletal warrior burns!
The skeletal warrior burns!
The skeletal warrior burns!
The skeletal warrior stops burning.
Casting: Sticky Flame
Confirm with . or Enter, or press ? or * to list all spells.
Aiming: Sticky Flame
Press: ? - help, Shift-Dir - straight line, f/p - skeletal warrior
Aim: a skeletal warrior, wielding a scimitar (moderately damaged)
You miscast Sticky Flame.
You are very lightly contaminated with residual magic.
Nothing appears to happen.
The skeletal warrior hits you with a scimitar!
Unknown command.
Casting: Sticky Flame
Confirm with . or Enter, or press ? or * to list all spells.
Aiming: Sticky Flame
Press: ? - help, Shift-Dir - straight line, f/p - skeletal warrior
Aim: a skeletal warrior, wielding a scimitar (moderately damaged)
You miscast Sticky Flame.
You feel a strange surge of energy!
The skeletal warrior hits you with a scimitar!!
* * * LOW HITPOINT WARNING * * *
There is an open door here.
There is an open door here.
There is an open door here.
There is an open door here.
There is an open door here.
There is an open door here.
Casting: Sticky Flame
Confirm with . or Enter, or press ? or * to list all spells.
Aiming: Sticky Flame
Press: ? - help, Shift-Dir - straight line, f/p - skeletal warrior
Aim: a skeletal warrior, wielding a scimitar (lightly damaged)
The sticky flame hits the skeletal warrior.
The skeletal warrior is lightly damaged.
The skeletal warrior is covered in liquid flames!
The skeletal warrior burns!
The skeletal warrior hits you with a scimitar!!
You die...

..#....#.#.............#.......#.
+##...(#.#.............'.......#z
.......#.#...#'###.....#...ZZ.ZZ.
.......#.#...'...#.....#######.#.
.......'.#...##'###+#...######.#.
.......#.#...#...##.#...#......#.
...##'##.'..$'...'..+...#......#.
...+..+ .#...##z###.#...'......'.
...##Z# #......@.#'#...##.###'#.
...#..## #...............# #.....
...+...+ #...[.......<...'.+....z
...#...#.#...............#+#.....
'####'##.#........#'#............
..##..##.#........'.'.......##+#z
.........#........#.#.......# +.
#'###'##.#........#.###'##'# #.
.......#.#<.......+.. . #.


You could see a skeletal warrior (burning).

Vanquished Creatures
  Pikel (D:6)
  A troll (D:10)
  3 yaks (D:10)
  Eustachio (D:7)
  A hippogriff (D:10)
  A wyvern (D:9)
  Menkaure (D:4)
  A water moccasin (D:7)
  3 sky beasts
  Purgy (Sewer)
  2 ogres
  2 orc warriors
  An ice beast (D:7)
  A necrophage (D:10)
  2 black bears
  3 centaurs
  7 giant frogs
  2 scorpions
  An eye of draining (D:10)
  4 killer bees
  4 wights (D:9)
  6 crimson imps
  A goliath beetle (D:6)
  A giant frog zombie (D:7)
  A yellow wasp zombie (D:9)
  An orc priest (D:7)
  5 hounds
  6 orc wizards
  Natasha (twice) (D:3)
  5 worker ants
  Ijyb (D:4)
  A sky beast zombie (D:4)
  6 gnolls
  A worker ant zombie (D:5)
  18 adders
  A shadow imp (D:6)
  3 worms
  2 giant mites
  An iguana zombie (D:6)
  7 giant geckos
  19 orcs
  A bat skeleton (D:7)
  9 giant cockroaches
  14 goblins
  12 hobgoblins
  9 jackals
  25 kobolds
  4 quokkas
  14 bats
  11 giant newts
  A goblin skeleton (D:4)
  An orc skeleton (D:9)
  15 rats
  A rat zombie (D:6)
  A ballistomycete (D:7)
249 creatures vanquished.

Vanquished Creatures (collateral kills)
  A hippogriff (D:5)
  3 slaves (D:6)
  A black bear (D:6)
  A water moccasin zombie (D:5)
  2 orcs
  A bat (D:6)
  A goblin (D:7)
  2 jackals (D:10)
  A quokka skeleton (D:5)
  A rat (D:5)
  A ballistomycete (D:7)
15 creatures vanquished.

Vanquished Creatures (others)
  A giant frog (D:6)
  A hippogriff skeleton (D:10)
  2 yak skeletons (D:10)
  2 centaur skeletons (D:6)
  2 black bear skeletons
  3 giant frog skeletons
  A necrophage skeleton (D:10)
  4 hound skeletons
  A human skeleton (D:7)
  2 adder skeletons
  A bat skeleton (D:6)
  A kobold (D:6)
  2 giant gecko skeletons (D:5)
  A giant spore (D:7)
  2 goblin skeletons
  A hobgoblin skeleton (D:6)
  A jackal skeleton (D:10)
  5 kobold skeletons
  5 orc skeletons
  2 quokka skeletons
  2 rats (D:4)
  2 rat skeletons
44 creatures vanquished.

Grand Total: 308 creatures vanquished

Action                   |  1- 3 |  4- 6 |  7- 9 | 10-12 || total
-------------------------+-------+-------+-------+-------++-------
Melee: Dagger            |     3 |       |       |       ||     3
       Unarmed           |     1 |       |       |       ||     1
       Whip              |    21 |     3 |       |       ||    24
       Trident           |       |    72 |   348 |    16 ||   436
 Fire: Blowgun           |       |       |     3 |       ||     3
 Cast: Flame Tongue      |    71 |   115 |    67 |     3 ||   256
       Conjure Flame     |       |     3 |       |       ||     3
       Sticky Flame      |       |     3 |    63 |     9 ||    75
       Animate Skeleton  |       |       |    54 |     3 ||    57
       Regeneration      |       |       |     1 |       ||     1
Evoke: Wand              |       |       |     6 |       ||     6
  Use: Scroll            |       |       |    20 |     1 ||    21
       Potion            |       |       |     1 |       ||     1
 Stab: Sleeping          |       |       |     3 |       ||     3
       Distracted        |       |       |     1 |       ||     1
  Eat: Chunk             |     4 |    10 |    31 |       ||    45
       Bread ration      |       |       |     1 |     1 ||     2
       Royal jelly       |       |       |     1 |       ||     1
       Pizza             |       |       |     1 |       ||     1
       Beef jerky        |       |       |     1 |       ||     1

Action                   |  1- 3 |  4- 6 |  7- 9 | 10-12 || total
-------------------------+-------+-------+-------+-------++-------
Melee: Dagger            |     3 |       |       |       ||     3
       Unarmed           |     1 |       |       |       ||     1
       Whip              |    21 |     3 |       |       ||    24
       Trident           |       |    72 |   348 |    16 ||   436
 Fire: Blowgun           |       |       |     3 |       ||     3
 Cast: Flame Tongue      |    71 |   115 |    67 |     3 ||   256
       Conjure Flame     |       |     3 |       |       ||     3
       Sticky Flame      |       |     3 |    63 |     9 ||    75
       Animate Skeleton  |       |       |    54 |     3 ||    57
       Regeneration      |       |       |     1 |       ||     1
Evoke: Wand              |       |       |     6 |       ||     6
  Use: Scroll            |       |       |    20 |     1 ||    21
       Potion            |       |       |     1 |       ||     1
 Stab: Sleeping          |       |       |     3 |       ||     3
       Distracted        |       |       |     1 |       ||     1
  Eat: Chunk             |     4 |    10 |    31 |       ||    45
       Bread ration      |       |       |     1 |     1 ||     2
       Royal jelly       |       |       |     1 |       ||     1
       Pizza             |       |       |     1 |       ||     1
       Beef jerky        |       |       |     1 |       ||     1
